 Dungeon Crawl Stone Soup version 0.18.1-1-g2f07953 (webtiles) character file.

3005 Eucla the Covert (level 9, -4/39 HPs)
             Began as a Spriggan Enchanter on May 7, 2016.
             Was a Follower of Vehumet.
             Shot with an arrow by a centaur (6 damage)
             ... on level 6 of the Dungeon.
             The game lasted 00:12:34 (5818 turns).

Eucla the Covert (Spriggan Enchanter)               Turns: 5818, Time: 00:12:34

Health: -4/39      AC:  4    Str:  4    XL:     9   Next: 54%
Magic:  4/21       EV: 18    Int: 18    God:    Vehumet [*.....]
Gold:   381        SH:  0    Dex: 18    Spells: 4 memorised, 14 levels left

rFire  . . .     SeeInvis +     e - +0 short sword (drain)
rCold  + . .     Gourm    .     b - +1 robe
rNeg   . . .     Faith    .     (shield restricted)
rPois  .         Spirit   .     (helmet restricted)
rElec  .         Dismiss  .     t - +0 cloak
rCorr  .         Reflect  .     (gloves unavailable)
SustAt .         Harm     .     (boots unavailable)
MR     +....                    (no amulet)
Stlth  +++++.....               m - ring of protection from cold
                                A - ring of flight

@: very slightly contaminated, drained, very quick, somewhat resistant to
hostile enchantments, quite stealthy
A: unfitting armour, see invisible, herbivore 3, speed 3, slow metabolism 2
a: Renounce Religion, Evoke Flight


You were on level 6 of the Dungeon.
You worshipped Vehumet.
Vehumet was aware of your devotion.
You were not hungry.

You visited 1 branch of the dungeon, and saw 6 of its levels.

You collected 381 gold pieces.

Inventory:

Hand Weapons
 a - a +2 dagger
 e - a +0 short sword of draining (weapon)
Armour
 b - a +1 robe (worn)
 n - a +2 buckler
 t - a +0 cloak (worn)
Jewellery
 f - an uncursed ring of positive energy
 m - a ring of protection from cold (right hand)
 A - a ring of flight (left hand)
Wands
 l - a wand of random effects (6/48)
Scrolls
 g - 4 scrolls of identify {unknown}
 h - a scroll of enchant armour {unknown}
 i - 2 scrolls of magic mapping
 j - a scroll of enchant weapon
 p - 3 scrolls of remove curse
 q - a scroll of noise {unknown}
 r - a scroll of amnesia {unknown}
 y - a scroll of recharging {unknown}
Potions
 s - a potion of haste
 u - 2 potions of cure mutation {unknown}
 v - a potion of brilliance {unknown}
 w - a potion of agility {unknown}
 z - a potion of magic {unknown}
 D - a potion of ambrosia {unknown}
Books
 c - a book of Maledictions

   Spells                             Type                      Level
   a - Corona                         Hexes                        1
   b - Ensorcelled Hibernation        Hexes/Ice                    2
   c - Confuse                        Hexes                        3
   d - Tukima's Dance                 Hexes                        3
   e - Dazzling Spray                 Conjuration/Hexes            3
 o - a book of Annihilations

   Spells                             Type                      Level
   a - Poison Arrow                   Conjuration/Poison           6
   b - Chain Lightning                Conjuration/Air              8
   c - Lehudib's Crystal Spear        Conjuration/Earth            8
   d - Glaciate                       Conjuration/Ice              9
   e - Fire Storm                     Conjuration/Fire             9
Comestibles
 d - 4 bread rations
 C - a royal jelly


   Skills:
 - Level 5.7(5.6) Short Blades
 - Level 3.0(2.8) Dodging
 - Level 9.3(9.1) Stealth
 - Level 7.5(7.3) Spellcasting
 + Level 4.9(4.7) Conjurations
 + Level 8.7(8.5) Hexes


You had 14 spell levels left.
You knew the following spells:

 Your Spells              Type           Power        Failure   Level  Hunger
a - Corona                Hex            #####..      1%          1    None
b - Ensorcelled Hibernat  Hex/Ice        ###...       2%          2    None
c - Confuse               Hex            #####...     1%          3    #......
d - Dazzling Spray        Conj/Hex       ####....     2%          3    #......


Dungeon Overview and Level Annotations

Branches:
Dungeon (6/15)             Temple (0/1) D:5

Altars:
Cheibriados
Dithmenos
Nemelex Xobeh
Vehumet
The Shining One

Annotations:
D:4 exclusion: statue, gg19's ghost, amateur CeHu
D:6 Twogk's ghost, novice TrMo


Innate Abilities, Weirdness & Mutations

You are tiny and cannot use many weapons and most armour.
You have supernaturally acute eyesight.
You are a herbivore.
You cover ground extremely quickly.
You need consume almost no food.


Message History

The arrow misses you.
Found 15 bolts.
There is an open door here.
You see here an arrow.
Unknown command.
Read which item? (? for menu, Esc to quit)
Okay, then.
The hill giant closely misses you.
An iguana comes into view.
Unknown command.
Unknown command.
The iguana hisses menacingly.
The black bear completely misses you.
The black bear claws you but does no damage.
The black bear claws you.
* * * LOW HITPOINT WARNING * * *
Unknown command.
Unknown command.
The centaur wields a shortbow.
The centaur shoots an arrow.
The arrow hits you.
You die...

#.....###......##.
#....##.....>..##.
######.......o....
#....##.._..##....
#....#......#.....
#.l..#............
+....#..####.(....
#....#..# #...... $$$
#@.c.#..# #...... $$$
#..h.#..####...... $$$
#.Cc.#............ $$$
#....##.####......
####'########Z##.# #......
.....W...#P...##.# #..(...
.........#...P#..# #......
.......og#P...#.#####....o.
......aoe#?..P#.....##.....


You could see a hill giant, a black bear, 2 centaurs, an iguana and a quokka
skeleton.

Vanquished Creatures
  Pikel (D:5)
  Grinder (D:5)
  7 spriggans (D:5)
  Menkaure (D:5)
  A black bear (D:6)
  An orc warrior (D:6)
  3 slaves (D:5)
  A sky beast (D:5)
  2 ogres
  A centaur (D:5)
  2 giant frogs (D:6)
  A howler monkey (D:5)
  A hound (D:6)
  An orc wizard (D:6)
  2 giant frog skeletons
  Jessica (D:2)
  3 iguanas (D:5)
  5 worker ants
  A killer bee zombie (D:5)
  A hound skeleton (D:4)
  A hound zombie (D:5)
  5 adders
  2 shadow imps
  3 worms
  A dart slug (D:2)
  3 giant geckos
  2 orcs
  2 giant cockroaches
  11 goblins
  5 hobgoblins
  6 kobolds
  A quokka (D:6)
  7 bats
  9 giant newts
  A jackal skeleton (D:6)
  4 rats
100 creatures vanquished.

Vanquished Creatures (others)
  A slave (D:5)
1 creature vanquished.

Grand Total: 101 creatures vanquished

Notes
Turn   | Place    | Note
--------------------------------------------------------------
     0 | D:1      | Eucla the Spriggan Enchanter began the quest for the Orb.
     0 | D:1      | Reached XP level 1. HP: 9/9 MP: 5/5
   297 | D:1      | Reached XP level 2. HP: 11/13 MP: 6/6
   301 | D:1      | Learned a level 2 spell: Ensorcelled Hibernation
   352 | D:1      | Found a glowing golden altar of the Shining One.
   450 | D:1      | Reached skill level 5 in Stealth
   916 | D:2      | Reached XP level 3. HP: 8/16 MP: 0/8
  1085 | D:2      | Noticed Jessica
  1274 | D:2      | Killed Jessica
  1274 | D:2      | Reached skill level 6 in Stealth
  1321 | D:2      | Reached XP level 4. HP: 18/21 MP: 0/9
  2489 | D:4      | Learned a level 3 spell: Confuse
  2545 | D:4      | Found a radiant altar of Vehumet.
  2545 | D:4      | Noticed a frost-covered statue
  2551 | D:4      | Became a worshipper of Vehumet
  2727 | D:4      | Noticed gg19's ghost (amateur CeHu)
  2919 | D:4      | Reached XP level 5. HP: 15/24 MP: 6/10
  3316 | D:5      | Entered Level 5 of the Dungeon
  3316 | D:5      | Noticed a sky beast
  3325 | D:5      | Killed a sky beast
  3325 | D:5      | Reached skill level 7 in Stealth
  3382 | D:5      | Found a staircase to the Ecumenical Temple.
  3416 | D:5      | Reached skill level 8 in Stealth
  3416 | D:5      | Reached XP level 6. HP: 20/28 MP: 11/11
  3433 | D:5      | Noticed Grinder
  3434 | D:5      | Noticed Menkaure
  3480 | D:5      | Killed Grinder
  3480 | D:5      | Reached skill level 5 in Short Blades
  3480 | D:5      | Reached skill level 9 in Stealth
  3602 | D:4      | Learned a level 3 spell: Dazzling Spray
  3646 | D:5      | Reached XP level 7. HP: 28/32 MP: 2/12
  3999 | D:5      | Killed Menkaure
  3999 | D:5      | Reached skill level 1 in Conjurations
  4134 | D:5      | Noticed Pikel
  4158 | D:5      | Killed Pikel
  4158 | D:5      | Reached skill level 5 in Hexes
  4158 | D:5      | Reached XP level 8. HP: 15/36 MP: 6/16
  4350 | D:5      | Reached skill level 5 in Spellcasting
  4894 | D:5      | Reached XP level 9. HP: 39/39 MP: 18/20
  4952 | D:5      | Reached * piety under Vehumet
  4952 | D:5      | Offered knowledge of Freeze by Vehumet.
  5597 | D:6      | Found a shadowy altar of Dithmenos.
  5615 | D:6      | Found a snail-covered altar of Cheibriados.
  5679 | D:6      | Found a sparkling altar of Nemelex Xobeh.
  5791 | D:6      | Noticed Twogk's ghost (novice TrMo)
  5804 | D:6      | Noticed a deep elf knight
  5804 | D:6      | Noticed a hill giant
  5814 | D:6      | Noticed a hill giant
  5817 | D:6      | HP: 1/39 [black bear (1)]
  5818 | D:6      | Shot with an arrow by a centaur

Skill      XL: |  1  2  3  4  5  6  7  8  9 |
---------------+----------------------------+-----
Stealth        | 5 6 8 9 |  9.3
Short Blades   | 2 3 4 5 |  5.7
Spellcasting   | 4 6 7 |  7.5
Conjurations   | 2 3 4 |  4.9
Hexes          | 5 7 8 |  8.7
Dodging        | |  3.0

Action                   |  1- 3 |  4- 6 |  7- 9 || total
-------------------------+-------+-------+-------++-------
Melee: Dagger            |    88 |   140 |    23 ||   251
       Short sword       |       |       |   110 ||   110
 Cast: Ensorcelled Hiber |    13 |     9 |    23 ||    45
       Confuse           |       |     4 |     3 ||     7
       Dazzling Spray    |       |       |     7 ||     7
  Use: Potion            |       |       |     6 ||     6
       Scroll            |       |       |     6 ||     6
 Stab: Sleeping          |    15 |    14 |    28 ||    57
       Distracted        |       |     1 |     1 ||     2
       Confused          |       |     3 |     1 ||     4
  Eat: Pizza             |       |     1 |       ||     1
       Fruit             |       |     4 |       ||     4
Armor: Robe              |    27 |    13 |    15 ||    55
Dodge: Dodged            |    96 |    88 |   114 ||   298
